[Event "Late-Titled-Tuesday-Blitz-March-26-2024"]
[Site "Chess.com"]
[Date "2024.03.26"]
[Round "3"]
[White "elcala"]
[Black "banane_verte"]
[Result "0-1"]
[WhiteElo "1770"]
[BlackElo "2538"]
[TimeControl "180+1"]
[EndTime "14:29:16 PDT"]
[Termination "banane_verte won by resignation"]

1. d4 Nf6 2. c4 e6 3. Nc3 Bb4 4. a3 Bxc3+ 5. bxc3 b6 6. Nf3 Nc6 7. e3 Na5 8. Bd3 Ba6 9. Qe2 d6 10. Rb1 Qd7 11. O-O Qa4 12. Rb4 Qc6 13. e4 e5 14.
dxe5 dxe5 15. Nxe5 Qe6 16. c5 Bxd3 17. Nxd3 O-O 18.
f3 Rfd8 19. Nf4 Qc6 20. cxb6 axb6 21. Bb2 b5 22. Rd4 Nc4 23. Rfd1 Rxd4 24. cxd4 Nxa3 25.
Rc1 Nc4 26. Bc3 h6 27. Nd3 Nh5 28. Nb4 Qg6 29. Bd2 c6 30. d5 cxd5 31. Nxd5 Kh7 32. Be3 Nf6 33. Nxf6+ Qxf6 34. Bd2 Qd4+ 35. Be3 Qxe3+ 36.
Qxe3 Nxe3 0-1

[Event "Late-Titled-Tuesday-Blitz-March-26-2024"]
[Site "Chess.com"]
[Date "2024.03.26"]
[Round "3"]
[White "GiorgianBarbosa"]
[Black "temus_galaktionov"]
[Result "1-0"]
[WhiteElo "2525"]
[BlackElo "2855"]
[TimeControl "180+1"]
[EndTime "14:29:17 PDT"]
[Termination "GiorgianBarbosa won by resignation"]

1. e4 c6 2. d3 d6 3. g3 g6 4. Bg2 Bg7 5. f4 Nd7 6. Nf3 e5 7.
O-O Ngf6 8. f5 d5 9. Nc3 gxf5 10. exd5 cxd5 11. Nh4 f4 12. Nf5 Qb6+ 13. Kh1 Rg8 14. gxf4 e4 15. dxe4 dxe4 16. Be3 Qxb2 17. Bd4 Qb4 18.
Nxe4 Nxe4 19. Nxg7+ Rxg7 20. Bxg7 Ndc5 21. Qe1 Qxe1 22.
Raxe1 f5 23. Bd4 b6 24. Bxc5 bxc5 25. Bxe4 fxe4 26. Rxe4+ Kf7 27. Re5 Bb7+ 28. Kg1 h6 29.
Kf2 Rd8 30. Rfe1 Ba6 31. Re7+ Kf8 32. Rxa7 Bc4 33. Ree7 Rd2+ 34. Kg3 Rxc2 35. Rec7 Rc3+ 36. Kh4 Re3 37. Rc8+ Re8 38. Rxe8+ Kxe8 39. Rc7 Bxa2 40. Rxc5 Bf7 41. Rc6 Kf8 42. Rxh6 Kg7 43. Rb6 Bd5 44. Kg5 Be4 45. h4 Bd5 46. h5 Kh7 47. h6 Be4 48. Re6 Bd3 49. Re7+ Kg8 50. f5 Bc2 51. Kg6 Kf8 52.
Rf7+ Ke8 53. h7 Bxf5+ 54. Rxf5 1-0

[Event "Late-Titled-Tuesday-Blitz-March-26-2024"]
[Site "Chess.com"]
[Date "2024.03.26"]
[Round "3"]
[White "MathiasWomacka"]
[Black "bilelou"]
[Result "0-1"]
[WhiteElo "2484"]
[BlackElo "2705"]
[TimeControl "180+1"]
[EndTime "14:29:17 PDT"]
[Termination "bilelou won by resignation"]

1. e4 c5 2. Nf3 e6 3. d4 cxd4 4. Nxd4 Nf6 5. Nc3 Nc6 6. Ndb5 Bc5 7. Bf4 O-O 8. Bc7 Qe7 9. Bd6 Bxd6 10. Qxd6 Qd8 11.
Nc7 Rb8 12. Be2 b5 13. e5 Ne8 14. Nxe8 Rxe8 15. Bxb5 Rb6 16. O-O Ne7 17. Qd2 Qc7 18.
Rfe1 a6 19. Ba4 Ng6 20. Qd4 a5 21. Rad1 Qb8 22. Bb3 Rd8 23. f4 Rb4 24. Qc5 Rxf4 25. Qxa5 Bb7 26. Rd2 Rg4 27. h3 Rg5 28. Rde2 Nf4 29.
Rd2 Nxg2 30. Nd5 Nxe1+ 31. Kh2 Nf3+ 0-1

[Event "Late-Titled-Tuesday-Blitz-March-26-2024"]
[Site "Chess.com"]
[Date "2024.03.26"]
[Round "3"]
[White "Byniolus"]
[Black "hansen"]
[Result "0-1"]
[WhiteElo "2735"]
[BlackElo "2965"]
[TimeControl "180+1"]
[EndTime "14:29:23 PDT"]
[Termination "hansen won by resignation"]

1. d4 Nf6 2. Nf3 d5 3. Bf4 e6 4. e3 Bd6 5. Bg3 c5 6. c3 Nc6 7. Nbd2 O-O 8. Bd3 b6 9. Ne5 Bb7 10. f4 Ne7 11. Qb1 cxd4 12. cxd4 Bb4 13. Bh4 Nf5 14.
Bxf5 exf5 15. Qxf5 Qc8 16. Qxc8 Bxd2+ 17. Kxd2 Ne4+ 18.
Ke2 Rfxc8 19. Rhc1 f6 20. Nf3 h6 21. f5 h5 22. h3 Ba6+ 23. Ke1 Re8 24. g4 hxg4 25.
hxg4 Nd6 26. Kf2 Nc4 27. Rc3 Nxb2 28. g5 Nd3+ 29. Kg2 Rxe3 30. gxf6 Nf4+ 31. Kg3 Nh5+ 32. Kg4 Rxc3 0-1

[Event "Late-Titled-Tuesday-Blitz-March-26-2024"]
[Site "Chess.com"]
[Date "2024.03.26"]
[Round "3"]
[White "snowlord"]
[Black "GodzillaChessYoutube"]
[Result "1-0"]
[WhiteElo "2923"]
[BlackElo "2708"]
[TimeControl "180+1"]
[EndTime "14:29:23 PDT"]
[Termination "snowlord won on time"]

1. Nf3 d5 2. g3 Bf5 3. c4 dxc4 4. Na3 Qd5 5. Qa4+ c6 6. Qxc4 e6 7. Qb3 Qxb3 8. axb3 Nd7 9. d3 Nc5 10. Nd4 Bg6 11. b4 Nd7 12. b5 c5 13. Nb3 Ngf6 14. Bg2 Nd5 15. Nc4 Be7 16. h4 h5 17. Nba5 O-O-O 18. Bf4 N7b6 19. O-O Nxf4 20. Bxb7+ Kc7 21. gxf4 Nxc4 22.
dxc4 Bxh4 23. Bf3 Rd4 24. Nb3 Rxc4 25. Rxa7+ Kd6 26. Rd1+ Rd4 27. Ra6+ Ke7 28. Nxd4 cxd4 29. Rxd4 Rb8 30. b6 Bf6 31. Rb4 1-0

[Event "Late-Titled-Tuesday-Blitz-March-26-2024"]
[Site "Chess.com"]
[Date "2024.03.26"]
[Round "3"]
[White "prochn"]
[Black "Kosak12"]
[Result "1-0"]
[WhiteElo "2514"]
[BlackElo "2768"]
[TimeControl "180+1"]
[EndTime "14:29:23 PDT"]
[Termination "prochn won by checkmate"]

1. d4 Nf6 2. c4 c5 3. d5 g6 4.
g3 Bg7 5. Bg2 O-O 6. Nc3 d6 7.
Nf3 e6 8. O-O exd5 9. cxd5 Re8 10. Bf4 Ne4 11. Nxe4 Rxe4 12. Nd2 Rxf4 13. gxf4 Bxb2 14.
Rb1 Bg7 15. e4 Na6 16. Nc4 Rb8 17. a4 Nb4 18. e5 dxe5 19. fxe5 Bf5 20. f4 Qh4 21.
Rb3 Bc2 22. Qf3 Bxb3 23. Qxb3 g5 24. Qg3 Qxg3 25. hxg3 gxf4 26. gxf4 b6 27. d6 a6 28.
d7 Kf8 29. Nxb6 Ke7 30. Rd1 Kd8 31. Nc4 Nc2 32. Rd5 Rb7 33. Nd6 Rxd7 34. Rxc5 Ne3 35. Rc8+ Ke7 36. Re8# 1-0

[Event "Late-Titled-Tuesday-Blitz-March-26-2024"]
[Site "Chess.com"]
[Date "2024.03.26"]
[Round "3"]
[White "Romkachess"]
[Black "sergoy"]
[Result "0-1"]
[WhiteElo "2703"]
[BlackElo "2921"]
[TimeControl "180+1"]
[EndTime "14:29:24 PDT"]
[Termination "sergoy won by resignation"]

1. e4 c5 2. Nf3 d6 3. d4 cxd4 4. Nxd4 Nf6 5. Nc3 a6 6. h3 e5 7.
Nde2 h5 8. Bg5 Be6 9. Bxf6 Qxf6 10. Nd5 Qd8 11. Nec3 g6 12. Bc4 Bh6 13. O-O Nc6 14. Qd3 O-O 15. Rad1 Rc8 16. Bb3 Nd4 17. Ne2 Nxe2+ 18.
Qxe2 Kg7 19. Nc3 Rc6 20. Bd5 Rc7 21. a4 Bf4 22. Rd3 Qe7 23. Rfd1 Rd8 24. Bb3 Rc5 25. Nd5 Bxd5 26. Bxd5 Rdc8 27. c3 h4 28. c4 b6 29.
b4 R5c7 30. Qg4 a5 31. bxa5 bxa5 32. Rb3 Qf6 33. Rb5 Rc5 34. Rb7 R8c7 35. Rxc7 Rxc7 36. Rb1 Bd2 37. Rb8 Bb4 38. Rc8 Rxc8 39. Qxc8 Bc5 40. Qd7 Qxf2+ 0-1

[Event "Late-Titled-Tuesday-Blitz-March-26-2024"]
[Site "Chess.com"]
[Date "2024.03.26"]
[Round "3"]
[White "ilya2700"]
[Black "KaydenTroffChess"]
[Result "0-1"]
[WhiteElo "2343"]
[BlackElo "2848"]
[TimeControl "180+1"]
[EndTime "14:29:25 PDT"]
[Termination "KaydenTroffChess won by checkmate"]

1. d4 Nf6 2. c4 g6 3. Nc3 d5 4.
cxd5 Nxd5 5. e4 Nxc3 6. bxc3 Bg7 7. Bc4 c5 8. Ne2 O-O 9. Be3 Nc6 10. O-O Bd7 11.
Qd2 Qc7 12. Rac1 Rfd8 13. Bf4 e5 14. Bg5 exd4 15. Bxd8 Qxd8 16. cxd4 Nxd4 17. Bd5 Bb5 18. Nxd4 Bxf1 19. Rxc5 Qb6 20. Nb3 Ba6 21. Qf4 Rf8 22.
Rc7 g5 23. Qg3 h6 24. Rc1 Qf6 25.
Nc5 Qb2 26. Re1 Bd4 27. Nxa6 bxa6 28. Qb3 Qxf2+ 29. Kh1 Qxe1# 0-1

[Event "Late-Titled-Tuesday-Blitz-March-26-2024"]
[Site "Chess.com"]
[Date "2024.03.26"]
[Round "3"]
[White "tarno17"]
[Black "ExtremeLearner"]
[Result "0-1"]
[WhiteElo "2207"]
[BlackElo "2541"]
[TimeControl "180+1"]
[EndTime "14:29:26 PDT"]
[Termination "ExtremeLearner won on time"]

1. e4 c6 2. d4 d5 3. Nc3 dxe4 4. Nxe4 Nf6 5. Ng5 h6 6. Nxf7 Kxf7 7. Nf3 Nbd7 8. Bc4+ e6 9. O-O Bd6 10. Nh4 g5 11. Nf5 Nb6 12. Bb3 Nbd5 13. Ng3 Bf4 14. c4 Bxc1 15. Rxc1 Nf4 16. Rc3 h5 17. Rf3 h4 18.
Ne2 Nxe2+ 19. Qxe2 Qxd4 20. Rd1 Qc5 21. a3 a5 22. Qc2 g4 23. Rf4 g3 24. hxg3 hxg3 25. Rf1 Rh1+ 26. Kxh1 Qh5+ 0-1

[Event "Late-Titled-Tuesday-Blitz-March-26-2024"]
[Site "Chess.com"]
[Date "2024.03.26"]
[Round "3"]
[White "xxysoul6"]
[Black "Adar_07"]
[Result "1/2-1/2"]
[WhiteElo "3010"]
[BlackElo "2780"]
[TimeControl "180+1"]
[EndTime "14:29:28 PDT"]
[Termination "Game drawn by repetition"]

1. d4 Nf6 2. Nf3 e6 3. c3 b6 4. Bg5 Bb7 5. Nbd2 h6 6. Bh4 g5 7. Bg3 g4 8. Ne5 h5 9. Bh4 Be7 10. Qc2 d6 11. Nd3 Nbd7 12. O-O-O Ne4 13. Bxe7 Qxe7 14. Nxe4 Bxe4 15. f3 Bb7 16. e4 O-O-O 17. Qa4 Kb8 18. Nb4 c5 19. Nc6+ Bxc6 20. Qxc6 cxd4 21.
Rxd4 Ne5 22. Qa4 gxf3 23. gxf3 Nxf3 24. Rd1 Rc8 25. Be2 Ne5 26. Rhf1 Rhg8 27. Kb1 Rg2 28. Ba6 Rc5 29. Rxd6 Ra5 30. Qd4 Kc7 31. Rd1 f6 32. Bc4 Ra4 33. b3 Raxa2 34. b4 Rgb2+ 35. Kc1 Rc2+ 36. Kb1 Rcb2+ 37. Kc1 Rc2+ 38. Kb1 Rcb2+ 1/2-1/2

[Event "Late-Titled-Tuesday-Blitz-March-26-2024"]
[Site "Chess.com"]
[Date "2024.03.26"]
[Round "3"]
[White "vladoboch"]
[Black "GelmanAlexander"]
[Result "1-0"]
[WhiteElo "2482"]
[BlackElo "2668"]
[TimeControl "180+1"]
[EndTime "14:29:29 PDT"]
[Termination "vladoboch won by resignation"]

1. h3 c5 2. c4 e6 3. Nf3 Nf6 4. Nc3 Be7 5. e3 d6 6. d4 Nbd7 7. Bd3 a6 8. O-O b6 9. e4 cxd4 10. Nxd4 Bb7 11. Qe2 Rc8 12. b3 h6 13. Bb2 g5 14. Rae1 Ne5 15. Bb1 Rg8 16. a4 h5 17.
a5 bxa5 18. f4 gxf4 19. Rxf4 Rg6 20. Ref1 Kd7 21. Nd5 exd5 22. exd5 Rh6 23. Nf5 Ng8 24. Nxh6 Nxh6 25. Qxh5 Bg5 26. Bf5+ Nxf5 27. Rxf5 f6 28. Bxe5 dxe5 29. Rxg5 fxg5 30. Qh7+ Kd6 31. Qxb7 Qc7 32. Rf6+ Ke7 33. d6+ 1-0

[Event "Late-Titled-Tuesday-Blitz-March-26-2024"]
[Site "Chess.com"]
[Date "2024.03.26"]
[Round "3"]
[White "vangulio"]
[Black "dasatcu90"]
[Result "1-0"]
[WhiteElo "2556"]
[BlackElo "2252"]
[TimeControl "180+1"]
[EndTime "14:29:29 PDT"]
[Termination "vangulio won on time"]

1. e4 c6 2. d4 d5 3. Nc3 dxe4 4. Nxe4 Nf6 5. Nxf6+ exf6 6. c3 Bd6 7. Bd3 O-O 8. Ne2 Re8 9. O-O h5 10. Qc2 h4 11.
Bf4 Be6 12. Rae1 h3 13. g3 Na6 14. Bxd6 Qxd6 15. Nf4 Bd7 16. Bh7+ Kh8 17. Bf5 g6 18.
Bxh3 Kg7 19. Bg2 Nc7 20. Qd2 Rh8 21. Nd3 Bh3 22. Qf4 Qd7 23. Bxh3 Qxh3 24. g4 Qxd3 25. Qxc7 Rh4 26. f3 Qd2 27. Re7 Rf8 28. Rf2 Qc1+ 29. Kg2 Qh6 30. Rfe2 g5 31. Re8 Rxe8 32. Rxe8 1-0

[Event "Late-Titled-Tuesday-Blitz-March-26-2024"]
[Site "Chess.com"]
[Date "2024.03.26"]
[Round "3"]
[White "AntonovaNadezhda"]
[Black "ccccvhhhj"]
[Result "0-1"]
[WhiteElo "2203"]
[BlackElo "2458"]
[TimeControl "180+1"]
[EndTime "14:29:29 PDT"]
[Termination "ccccvhhhj won on time"]

1. Nf3 e6 2. b3 f5 3. Bb2 Nf6 4. g3 Be7 5. Bg2 d6 6. O-O O-O 7. d4 Qe8 8. c4 Nbd7 9. Nc3 Ne4 10.
Qc2 Ndf6 11. Nxe4 fxe4 12. Ne1 Qg6 13. f3 d5 14. Rc1 c6 15. a3 a5 16. Qd2 exf3 17.
Nxf3 Ne4 18. Qc2 Bf6 19. Ne5 Bxe5 20. Rxf8+ Kxf8 21. dxe5 Bd7 22. Bxe4 dxe4 23. Qd2 Be8 24. Qd6+ Kg8 25. Rf1 Bf7 26. Bd4 h5 27. Kg2 h4 28.
Bc5 Qg4 29. Rf2 e3 30. Bxe3 Qe4+ 31. Rf3 Rf8 32. Qd4 Qc2 33. Qxh4 Qxe2+ 34. Bf2 Qxe5 35. Qf4 Qh5 36. Re3 Re8 37. Qe5 Qg6 38. Re4 Qh7 39. Bd4 Bg6 40. Rh4 Be4+ 41. Qxe4 Qxe4+ 42. Rxe4 Kf7 43. Re5 Rd8 44. Rxa5 Rxd4 45. Ra7 Rd2+ 46. Kh3 Rd7 47. b4 Kf6 48. c5 Ke5 49. Kg4 Kd5 50. Kg5 e5 51. Kf5 Rf7+ 52. Kg4 e4 53. Ra8 Re7 54. Kf4 Kc4 55. Rd8 e3 56. Rd1 e2 57. Re1 Kd3 58. Kf3 Kd2 0-1

[Event "Late-Titled-Tuesday-Blitz-March-26-2024"]
[Site "Chess.com"]
[Date "2024.03.26"]
[Round "3"]
[White "Bryanl106"]
[Black "RuperezA"]
[Result "1-0"]
[WhiteElo "2666"]
[BlackElo "2432"]
[TimeControl "180+1"]
[EndTime "14:29:30 PDT"]
[Termination "Bryanl106 won by resignation"]

1. e4 c5 2. Nf3 e6 3. d4 cxd4 4. Nxd4 Nc6 5. Nc3 Qc7 6. Be3 a6 7. Qf3 Nf6 8. O-O-O Bb4 9. Nxc6 bxc6 10. Bf4 Qa5 11. Bd6 Bxd6 12. Rxd6 Rb8 13. a3 Qg5+ 14. Rd2 d5 15. h4 Qg4 16. Qxg4 Nxg4 17. exd5 cxd5 18.
f3 Nf6 19. g4 O-O 20. g5 Nh5 21. Rg1 Rd8 22. b4 Bd7 23. Bxa6 Ra8 24. b5 Nf4 25.
Rg4 e5 26. Rxf4 exf4 27. Nxd5 Kf8 28. Nc7 Rab8 29. a4 Ke7 30. Nd5+ Ke6 31. Nxf4+ Kf5 32. Nd5 Be6 33. Ne7+ Kf4 34. Nc6 Rxd2 35. Kxd2 Ra8 36. a5 Bd5 37. Bb7 Re8 38. a6 Bxf3 39. a7 Kg3 40.
a8=Q Rxa8 41. Bxa8 Kxh4 42. b6 1-0

[Event "Late-Titled-Tuesday-Blitz-March-26-2024"]
[Site "Chess.com"]
[Date "2024.03.26"]
[Round "3"]
[White "larsmandreassen"]
[Black "m_ezat"]
[Result "0-1"]
[WhiteElo "2247"]
[BlackElo "2553"]
[TimeControl "180+1"]
[EndTime "14:29:30 PDT"]
[Termination "m_ezat won by resignation"]

1. d4 Nf6 2. Nf3 g6 3. Bg5 Bg7 4. Nc3 d5 5. Bxf6 Bxf6 6. e4 dxe4 7. Nxe4 Bg7 8. Bc4 O-O 9. O-O Bg4 10. c3 Nc6 11. h3 Bf5 12. Ng3 Bd7 13. Re1 e6 14.
Qe2 Ne7 15. Rad1 Ba4 16. b3 Bc6 17. Ne5 Bd5 18. Bd3 b6 19. c4 Bb7 20. Be4 Bxe4 21.
Qxe4 Qd6 22. f4 c5 23. Kh1 Rad8 24. dxc5 Qxd1 25. Rxd1 Rxd1+ 26. Kh2 bxc5 27. Qb7 Re8 28. Qxa7 Rd4 29. Qxc5 Rxf4 30. Nf3 e5 31. Nxe5 Nf5 32. Nc6 Nxg3 33. Kxg3 Rfe4 34. Kf3 Bf8 35. Qd5 Re2 36. Nd4 R8e3+ 37. Kg4 h5+ 38. Kg5 Re5+ 39. Kf4 Bh6+ 40. Kg3 Rxd5 41. cxd5 Rd2 42. Nc6 Bf8 0-1

[Event "Late-Titled-Tuesday-Blitz-March-26-2024"]
[Site "Chess.com"]
[Date "2024.03.26"]
[Round "3"]
[White "Budisavljevic"]
[Black "Sanan_Sjugirov"]
[Result "1-0"]
[WhiteElo "2788"]
[BlackElo "2999"]
[TimeControl "180+1"]
[EndTime "14:29:31 PDT"]
[Termination "Budisavljevic won on time"]

1. d4 Nf6 2. c4 g6 3. h4 c5 4.
d5 b5 5. cxb5 a6 6. e3 axb5 7.
Bxb5 Qa5+ 8. Nc3 Bb7 9. Bd2 Qb6 10. a4 Bg7 11. e4 O-O 12. Nf3 e6 13. O-O exd5 14. exd5 Na6 15. Be3 Nb4 16. Ne5 d6 17. Nd7 Nxd7 18. Bxd7 Ba6 19. Bb5 Bxb5 20. axb5 Rxa1 21.
Qxa1 Qb7 22. Qd1 Re8 23. h5 Bxc3 24. bxc3 Nxd5 25. Bh6 Nxc3 26. Qxd6 Ne2+ 27. Kh1 Qe4 28. hxg6 Qh4+ 29. Qh2 Qxh2+ 30. Kxh2 hxg6 31. Re1 Re6 32. b6 Nd4 33. Rxe6 fxe6 34. b7 Nc6 35. Bf4 1-0

[Event "Late-Titled-Tuesday-Blitz-March-26-2024"]
[Site "Chess.com"]
[Date "2024.03.26"]
[Round "3"]
[White "HanSchut"]
[Black "Good_Knight_Kiss"]
[Result "0-1"]
[WhiteElo "2274"]
[BlackElo "2510"]
[TimeControl "180+1"]
[EndTime "14:29:31 PDT"]
[Termination "Good_Knight_Kiss won on time"]

1. e4 c5 2. Nf3 d6 3. d4 cxd4 4. Nxd4 Nf6 5. f3 e5 6. Bb5+ Nbd7 7. Nf5 d5 8. exd5 a6 9. Ba4 b5 10. Bb3 Nc5 11. Ne3 Nh5 12. O-O f5 13. d6 Nxb3 14.
axb3 Bxd6 15. Qd5 Rb8 16. Rd1 Bc7 17. Rxa6 Nf4 18. Qc6+ Bd7 19. Qc5 Ne2+ 20. Kh1 Nxc1 21. Nd5 Rc8 22. Ra7 Bb8 23. Rxd7 Qxd7 0-1

[Event "Late-Titled-Tuesday-Blitz-March-26-2024"]
[Site "Chess.com"]
[Date "2024.03.26"]
[Round "3"]
[White "NovakCabarkapa"]
[Black "MITerryble"]
[Result "0-1"]
[WhiteElo "2751"]
[BlackElo "2998"]
[TimeControl "180+1"]
[EndTime "14:29:32 PDT"]
[Termination "MITerryble won by resignation"]

1. d4 Nf6 2. Nc3 e6 3. e4 d5 4. e5 Nfd7 5. Qg4 h5 6. Qg3 c6 7. Bg5 Qa5 8. O-O-O b5 9. Bd3 b4 10. Nb1 Qxa2 11. Bh4 g6 12. f4 Bh6 13. Nf3 Ba6 14. Bxg6 Rg8 15. Bxf7+ Kxf7 16. Ng5+ Bxg5 17. Bxg5 Nb6 18.
b3 Nc4 19. bxc4 dxc4 20. c3 bxc3 21. Qxc3 Nd7 22. d5 cxd5 23. f5 Nc5 24. fxe6+ Ke8 25. Rxd5 Nb3+ 26. Kd1 Qxb1+ 27. Ke2 Qe4+ 28. Kf2 Qxd5 29.
Bf6 Qd4+ 30. Qxd4 Nxd4 31. Ra1 0-1

[Event "Late-Titled-Tuesday-Blitz-March-26-2024"]
[Site "Chess.com"]
[Date "2024.03.26"]
[Round "3"]
[White "andrzej"]
[Black "jcibarra"]
[Result "0-1"]
[WhiteElo "2527"]
[BlackElo "2985"]
[TimeControl "180+1"]
[EndTime "14:29:32 PDT"]
[Termination "jcibarra won on time"]

1. e4 c5 2. Nf3 e6 3. d4 cxd4 4.
Nxd4 Bc5 5. Nb3 Bb6 6. Qg4 Nf6 7.
Qf3 Nc6 8. Nc3 a6 9. Be3 O-O 10. O-O-O Bxe3+ 11. Qxe3 b5 12. Be2 Qc7 13. Kb1 d6 14. g4 Ne5 15. g5 Nfd7 16. f4 Nc4 17. Qg3 Bb7 18. Bxc4 bxc4 19. Nd4 Nc5 20. Rhe1 Rab8 21. Ka1 Rfe8 22. h4 Qb6 23. Rb1 g6 24. h5 e5 25. Nf3 exf4 26. Qxf4 Ne6 27. Qf6 Qd8 28. Qxd8 Rbxd8 29. Rbd1 gxh5 30. Rh1 Nf4 31. Rh4 Ng6 32. Rxh5 Bxe4 33. Nd4 d5 34. a3 Nf4 35. Rh4 Ng2 36. Rh2 Ne3 37. Rg1 Bg6 38. Kb1 Nf5 39. Nc6 Rd6 40. Na5 Ne3 0-1

[Event "Late-Titled-Tuesday-Blitz-March-26-2024"]
[Site "Chess.com"]
[Date "2024.03.26"]
[Round "3"]
[White "Mazetovic"]
[Black "VladimirBugayev"]
[Result "1-0"]
[WhiteElo "2607"]
[BlackElo "2395"]
[TimeControl "180+1"]
[EndTime "14:29:33 PDT"]
[Termination "Mazetovic won by checkmate"]

1. c4 c5 2. Nc3 Nc6 3. g3 g6 4. Bg2 Bg7 5. h4 h5 6. Nf3 d6 7.
Ng5 e5 8. d3 Nh6 9. Nd5 O-O 10.
Ne4 Bf5 11. Bg5 f6 12. Nexf6+ Bxf6 13. Bxh6 Rf7 14. Qd2 Bh8 15. Bg5 Qd7 16. e3 Rb8 17. a3 b5 18. b4 bxc4 19. dxc4 e4 20. Rb1 Ne5 21. Bf4 Nd3+ 22. Kf1 a5 23. b5 a4 24. Kg1 Be5 25. Kh2 Bxf4 26. exf4 Re8 27. Ne3 Bg4 28. b6 Qb7 29. Nxg4 hxg4 30. Qxd3 exd3 31. Bxb7 Rxb7 32. Rhd1 Re2 33. Kg2 d5 34. Rxd3 d4 35. Rb5 Ra2 36. f5 gxf5 37. Rxc5 Rxb6 38. Rxf5 Rb3 39. Rxd4 Raxa3 40. Rxg4+ Kh7 41. Rh5# 1-0

[Event "Late-Titled-Tuesday-Blitz-March-26-2024"]
[Site "Chess.com"]
[Date "2024.03.26"]
[Round "3"]
[White "mbojan"]
[Black "dolynachess"]
[Result "1-0"]
[WhiteElo "2872"]
[BlackElo "2511"]
[TimeControl "180+1"]
[EndTime "14:29:34 PDT"]
[Termination "mbojan won by resignation"]

1. e4 c5 2. Nf3 d6 3. d4 cxd4 4. Nxd4 Nf6 5. Nc3 g6 6. Be3 Nc6 7. f3 h5 8. Bc4 Bd7 9. Bb3 Rc8 10. O-O Na5 11. Qe2 Bg7 12. Rad1 a6 13. Qf2 Nxb3 14.
axb3 Qc7 15. Bg5 Bc6 16. Rfe1 O-O 17. Kh1 Rfd8 18. Qe2 b5 19. Nxc6 Qxc6 20. Rd2 Rd7 21. Nd5 Nxd5 22. exd5 Qc5 23. c3 a5 24. Qd3 b4 25. c4 a4 26. Rc2 Qd4 27. Qxd4 Bxd4 28. bxa4 b3 29. Rcc1 Bxb2 30. Rb1 Bc3 31. Rec1 Rxc4 32.
Rxb3 Rdc7 33. h3 Be5 34. Rxc4 Rxc4 35. Ra3 f6 36. Be3 Bd4 37. Bxd4 Rxd4 38. a5 Rc4 39. a6 Rc8 40. a7 Ra8 41. h4 Kf7 42. Kh2 e6 43. dxe6+ Kxe6 44. g4 Ke5 45. Kg3 d5 46.
f4+ Ke4 47. f5 gxf5 48. gxh5 d4 49. Kf2 f4 50. h6 d3 51. h7 f3 52. h8=Q Rxh8 53.
a8=Q+ Rxa8 54. Rxa8 d2 55. Rd8 1-0

[Event "Late-Titled-Tuesday-Blitz-March-26-2024"]
[Site "Chess.com"]
[Date "2024.03.26"]
[Round "3"]
[White "Josetricks"]
[Black "Quattroporte300"]
[Result "1-0"]
[WhiteElo "2699"]
[BlackElo "2479"]
[TimeControl "180+1"]
[EndTime "14:29:34 PDT"]
[Termination "Josetricks won on time"]

1. d4 d5 2. Nc3 c6 3. e4 dxe4 4. Nxe4 Nf6 5. Nxf6+ exf6 6. Nf3 Bd6 7. Be2 O-O 8. O-O Bg4 9. h3 Bh5 10. Be3 Nd7 11. c4 Re8 12. Re1 Qc7 13. Qb3 Rad8 14. d5 Nc5 15. Qc2 Bg6 16. Qd1 Be4 17. b4 Na6 18. c5 Be5 19. d6 Bxa1 20. dxc7 Rxd1 21. Rxd1 Be5 22. Rd8 Nxc7 23. Rd7 Rc8 24. Nxe5 fxe5 25. Bc4 Bd5 26. Bxd5 cxd5 27. b5 d4 28. Bd2 b6 29.
c6 Nxb5 30. a4 Nc7 31. Bb4 g6 32. Bd6 Ne6 33. c7 e4 34. Be5 d3 35. Kf1 h5 36.
Ke1 h4 37. Kd2 Kf8 38. Bd6+ Ke8 39. Re7+ Kf8 40. Rxe6+ Kg7 41. Re7 Kf6 42. Rd7 Ke6 43. Rd8 Rxc7 44. Bxc7 1-0

[Event "Late-Titled-Tuesday-Blitz-March-26-2024"]
[Site "Chess.com"]
[Date "2024.03.26"]
[Round "3"]
[White "HaryKane"]
[Black "MariusBieliauskas"]
[Result "0-1"]
[WhiteElo "2562"]
[BlackElo "2352"]
[TimeControl "180+1"]
[EndTime "14:29:35 PDT"]
[Termination "MariusBieliauskas won on time"]

1. d4 Nf6 2. e3 g6 3. f4 Bg7 4. Nf3 O-O 5. Bd3 d6 6. e4 c5 7. dxc5 Qa5+ 8. c3 Qxc5 9. Qe2 Bg4 10. Be3 Qc7 11. Nbd2 Nc6 12. O-O e5 13. h3 exf4 14. Bxf4 Bxf3 15. Nxf3 Rfe8 16. Rae1 Nh5 17. Bh2 Ne5 18.
g4 Nf6 19. Nxe5 dxe5 20. Bc4 Re7 21. Rf2 h5 22. Ref1 hxg4 23. Rxf6 Bxf6 24. Rxf6 Kg7 25. Qf2 Qxc4 26. Bg3 Rh8 27. Bh4 Rxh4 28. Qxh4 Qxe4 29. Rf2 Rd7 30. Qf6+ Kg8 31. hxg4 Rd1+ 32. Rf1 Qxg4+ 33. Kh2 Rd2+ 34. Rf2 Rxf2+ 35. Qxf2 Qf4+ 36. Qxf4 exf4 37. Kg2 g5 38. Kf3 f5 39. c4 Kf7 40. b4 Ke6 41.
c5 Kd5 42. a3 Kc4 43. Kg2 a6 44. Kf3 a5 45. bxa5 Kxc5 0-1

[Event "Late-Titled-Tuesday-Blitz-March-26-2024"]
[Site "Chess.com"]
[Date "2024.03.26"]
[Round "3"]
[White "CaspiIsrael"]
[Black "MusicCityMaster"]
[Result "1-0"]
[WhiteElo "2678"]
[BlackElo "2450"]
[TimeControl "180+1"]
[EndTime "14:29:36 PDT"]
[Termination "CaspiIsrael won by resignation"]

1. e4 e6 2. d4 d5 3. e5 c5 4. c3 Nc6 5. Nf3 Qb6 6. Bd3 cxd4 7.
O-O Nge7 8. h4 Bd7 9. Re1 Rc8 10. h5 h6 11. a3 Na5 12. Nxd4 Nec6 13. b4 Nc4 14. Nf3 Be7 15. Nbd2 Nxd2 16. Bxd2 O-O 17. Qe2 f6 18. exf6 Bxf6 19. Rac1 e5 20. b5 e4 21.
bxc6 Bxc6 22. Nd4 Bxd4 23. cxd4 exd3 24. Qxd3 Bb5 25. Qg3 Bc4 26. Re7 Rf7 27. Rce1 Rcf8 28. Rxf7 Rxf7 29. Re8+ Rf8 30. Re7 Qb1+ 31. Kh2 Rf7 32.
Re8+ Rf8 33. Bxh6 Qh7 34. Rxf8+ Kxf8 35. Qb8+ Kf7 36. Qxb7+ Kf6 37. Qc6+ Kf7 38. Qc7+ Kf8 39. Qb8+ Kf7 40. Qxa7+ Kf8 41. Qb8+ Kf7 42. Qf4+ Kg8 43. Qb8+ Kf7 44. Qc7+ Kg8 45. Qd8+ Kf7 46. Qd7+ Kf8 47. Qxg7+ Qxg7 48. Bxg7+ Kxg7 49. g4 Kh6 50. Kg3 Be2 51.
a4 Kg5 52. f4+ Kf6 53. g5+ Kf5 54. h6 Kg6 55. a5 Bd3 56. Kf3 Be4+ 57. Ke3 Bf5 58.
a6 Bc8 59. a7 Bb7 60. f5+ Kh7 61. Kf4 Bc6 62. Ke5 Bb7 63. Kd6 Ba8 64. Kc7 Kg8 65. g6 Kh8 66. f6 Kg8 67. Kd6 Kf8 68. h7 1-0

[Event "Late-Titled-Tuesday-Blitz-March-26-2024"]
[Site "Chess.com"]
[Date "2024.03.26"]
[Round "3"]
[White "NikoTheodorou"]
[Black "TorFredrikKaasen"]
[Result "1-0"]
[WhiteElo "3116"]
[BlackElo "2833"]
[TimeControl "180+1"]
[EndTime "14:29:37 PDT"]
[Termination "NikoTheodorou won by resignation"]

1. Nf3 d5 2. b3 Bf5 3. Bb2 e6 4. g3 h6 5. Bg2 Nf6 6. d3 Be7 7. O-O O-O 8. Nc3 Bh7 9. e4 c6 10. Qe2 a5 11. Nd2 Na6 12. a3 b5 13. Kh1 b4 14. axb4 axb4 15. Na4 Nd7 16. f4 Nac5 17. Nxc5 Nxc5 18. exd5 Rxa1 19. Rxa1 exd5 20. Nf3 Bf6 21. Bxf6 Qxf6 22. Qe5 Ne6 23. Qxf6 gxf6 24. Kg1 c5 25. Ra5 Rc8 26. Bf1 Bf5 27. h3 Kf8 28. g4 Bh7 29. f5 Nf4 30. Kf2 d4 31. Nd2 Nd5 32. Ne4 Ne3 33. Nxf6 Kg7 34. Ra6 Nxc2 35.
Nh5+ Kf8 36. Rxh6 Bg8 37. Bg2 c4 38. dxc4 d3 39. Rd6 f6 40. Rxd3 Ke7 41. Nf4 Ra8 42. Bxa8 1-0

[Event "Late-Titled-Tuesday-Blitz-March-26-2024"]
[Site "Chess.com"]
[Date "2024.03.26"]
[Round "3"]
[White "dennisodessa"]
[Black "Anton_Demchenko"]
[Result "1/2-1/2"]
[WhiteElo "2528"]
[BlackElo "2948"]
[TimeControl "180+1"]
[EndTime "14:29:37 PDT"]
[Termination "Game drawn by repetition"]

1. d4 Nf6 2. c4 d6 3. Nc3 e5 4. d5 Nbd7 5. e4 a5 6. Bd3 g6 7. Nge2 Nc5 8. Bc2 h5 9. a3 Bd7 10. b3 h4 11. h3 b6 12. Be3 Bh6 13. Bxh6 Rxh6 14. b4 Na6 15. Qd2 Rh8 16. Rb1 Nh5 17. Ba4 Nb8 18. Qc2 Bxa4 19. Nxa4 Nd7 20. c5 axb4 21.
axb4 Qg5 22. O-O Nf4 23. Nxf4 exf4 24. f3 bxc5 25. bxc5 Ne5 26. cxd6 cxd6 27. Nb6 Rd8 28. Nc4 Kf8 29. Nxe5 Qxe5 30. Qb2 Qxb2 31. Rxb2 Rd7 32. Rb8+ Kg7 33. Rxh8 Kxh8 34. Rb1 Kg7 35. Rb8 Kf6 36. Rh8 Kg5 37. Rh7 Ra7 38. Kh2 Rc7 39. Kh1 Rb7 40.
Kh2 Re7 41. Kh1 Rd7 42. Kh2 Rc7 43. Kh1 Ra7 44. Kh2 Rb7 45. Kh1 Rc7 46. Kh2 Rd7 47.
Kh1 Rb7 48. Kh2 Re7 49. Kh1 Rd7 50. Kh2 Rc7 1/2-1/2